 Dungeon Crawl Stone Soup version 0.25-a0-1119-g28b6fd0c3b (webtiles) character file.

Game seed: 16864202990098626531, levelgen mode: deterministic

403 kae the Chiller (level 6, -4/61 HPs)
             Began as a Merfolk Ice Elementalist on May 18, 2020.
             Slain by Menkaure (9 damage)
             ... on level 4 of the Dungeon.
             The game lasted 00:03:47 (6304 turns).

kae the Chiller (Merfolk Ice Elementalist)          Turns: 6304, Time: 00:03:47

Health: -4/61      AC: 23    Str: 10    XL:     6   Next: 86%
Magic:  9/12       EV:  2    Int: 15    God:
Gold:   163        SH:  0    Dex: 14    Spells: 9/13 levels left

rFire    . . .     SeeInvis .   d - +0 dagger
rCold    . . .     Gourm    .   (no shield)
rNeg     + + +     Faith    .   (armour currently unavailable)
rPois    +         Spirit   .   (helmet currently unavailable)
rElec    .         Reflect  .   (cloak currently unavailable)
rCorr    .         Harm     .   (gloves currently unavailable)
MR       .....     NoTele   +   (boots currently unavailable)
Stlth    ++........             (no amulet)
HPRegen  0.20/turn              (no ring)
MPRegen  0.13/turn              (no ring)

@: tree-form
A: (change form in water), (swift swim), (stealthy swim)
a: no special abilities


You were on level 4 of the Dungeon.
You were hungry.
You were a tree.
You visited 1 branch of the dungeon, and saw 4 of its levels.

You collected 163 gold pieces.

Inventory:

Hand Weapons
 d - a +0 dagger (weapon)
Armour
 a - a +0 robe (melded)
 m - a +2 pair of gloves of archery (melded)
 s - a +0 cloak (melded)
 t - a +0 buckler
Wands
 i - a wand of polymorph (14)
 u - a wand of disintegration (18)
Scrolls
 b - 2 scrolls of identify
 f - 3 scrolls of remove curse {unknown}
 h - a scroll of enchant weapon {unknown}
 j - a scroll of blinking {unknown}
 k - a scroll of fog {unknown}
 l - 2 scrolls of amnesia {unknown}
 o - a scroll of random uselessness {unknown}
 r - a scroll of teleportation {unknown}
 v - a scroll of magic mapping {unknown}
 x - a scroll of immolation {unknown}
Potions
 e - a potion of lignification
 g - 2 potions of might {unknown}
 n - a potion of invisibility {unknown}
 p - a potion of curing {unknown}
 q - a potion of heal wounds {unknown}
Comestibles
 c - 5 rations


   Skills:
 - Level 2.6 Dodging
 - Level 2.1 Stealth
 + Level 4.0 Spellcasting
 * Level 7.6 Ice Magic


You had 9 spell levels left.
You knew the following spells:

 Your Spells              Type           Power        Failure   Level  Hunger
a - Freeze                Ice            ####         1%          1    None
b - Frozen Ramparts       Ice            ####..       2%          3    ###....

Your spell library contained the following spells:

 Spells                   Type           Power        Failure   Level  Hunger
 Ozocubu's Armour         Chrm/Ice       ##......     12%         3    ###....
 Hailstorm                Conj/Ice       ##......     36%         4    ####...
 Summon Ice Beast         Ice/Summ       ##......     36%         4    ####...


Dungeon Overview and Level Annotations

Branches:
Dungeon (4/15)
 Temple: D:4-7

Altars:
Dithmenos
Hepliaklqana
Yredelemnul
Zin

Shops:
D:4 (

Annotations:
D:4 Menkaure


Message History

* * * LOW HITPOINT WARNING * * *
Casting: Freeze (safe; 1% risk of failure)
Confirm with . or Enter, or press ? or * to list all spells.
Aiming: Freeze (safe; 1% risk of failure)
Press: ? - help, Shift-Dir - straight line, f/p - Menkaure
Aim: Menkaure (heavily damaged, fast) Menkaure resists.
You freeze Menkaure.
Menkaure is severely damaged.
Menkaure hits you but does no damage.
Casting: Freeze (safe; 1% risk of failure)
Confirm with . or Enter, or press ? or * to list all spells.
Aiming: Freeze (safe; 1% risk of failure)
Press: ? - help, Shift-Dir - straight line, f/p - Menkaure
Aim: Menkaure (severely damaged, fast) Menkaure resists.
You freeze Menkaure.
Menkaure is severely damaged.
Menkaure hits you!
* * * LOW HITPOINT WARNING * * *
Menkaure hits you!
You die...

...........##.......#
#..................!.
#...................
#.#............##.#
..........M.<.#...#
.#............#...#
.#..#.............#
#..####......#.#M## ###
.[......##..##.#♣.##..#
.....##..#.........#
..#.#.#∩..###....#..#
..#......## #....####
.........# #.#..#..##
.###.....## #.#......#
.##..>....###...##..#####
......##................#
..##.......#............#


You could see Menkaure (fast).

Vanquished Creatures
  A scorpion (D:2)
  A hound (D:4)
  An orc priest (D:3)
  Crazy Yiuf (D:3)
  A bullfrog skeleton (D:4)
  A worker ant (D:4)
  An orc wizard (D:3)
  6 adders
  2 howler monkey skeletons (D:4)
  An ooze (D:1)
  An adder skeleton (D:4)
  4 worms (D:2)
  2 dart slugs
  2 leopard geckos
  7 orcs
  9 bats
  10 giant cockroaches
  9 goblins
  7 hobgoblins
  3 jackals (D:1)
  3 quokkas
  3 frilled lizards (D:3)
  8 kobolds
  5 rats
89 creatures vanquished.

Notes
Turn   | Place    | Note
-------+----------+-------------------------------------------
     0 | D:1      | kae the Merfolk Ice Elementalist began the quest for the
                  | Orb.
     0 | D:1      | Reached XP level 1. HP: 13/13 MP: 3/3
   213 | D:1      | Reached XP level 2. HP: 18/19 MP: 0/5
   912 | D:1      | You fall into a shaft and drop 1 floor!
   913 | D:2      | Noticed a scorpion
   913 | D:2      | You fall into a shaft and drop 1 floor!
   918 | D:3      | Reached skill level 5 in Ice Magic
   997 | D:3      | Found a basalt altar of Yredelemnul.
  1004 | D:3      | Reached XP level 3. HP: 24/24 MP: 1/6
  1710 | D:3      | Reached XP level 4. HP: 16/30 MP: 1/8
  2089 | D:3      | Learned a level 3 spell: Frozen Ramparts
  2154 | D:3      | Found a runed translucent door.
  2155 | D:3      | Noticed Crazy Yiuf
  2257 | D:3      | Reached skill level 6 in Ice Magic
  2257 | D:3      | Reached XP level 5. HP: 22/35 MP: 3/9
  2388 | D:3      | Found a glowing silver altar of Zin.
  2654 | D:3      | Found a shadowy altar of Dithmenos.
  3251 | D:2      | HP: 1/35 [poisoned by a scorpion]
  3945 | D:2      | You fall into a shaft and drop 1 floor!
  4088 | D:2      | Reached XP level 6. HP: 41/41 MP: 7/11
  4657 | D:1      | Reached skill level 7 in Ice Magic
  5219 | D:3      | Killed Crazy Yiuf
  5908 | D:4      | Noticed Menkaure
  5909 | D:4      | Found Zeskiseu's Antique Weapon Boutique.
  6160 | D:4      | Found a hazy altar of Hepliaklqana.
  6304 | D:4      | Slain by Menkaure

Illustrated notes

Levels and vault maps discovered:
D:1:      evilmike_arrival_rings, layout_loops_cross, roderic_lattice_a
D:2:      layout_rooms
D:3:      layout_basic, nicolae_overflow_hidden_temple, lemuel_round_altar,
          marbit_many_paths, nrook_campfire, uniq_crazy_yiuf_cottage
D:4:      black_bear_nest_1, layout_cave_pools, overflow_temple_1_default,
          serial_shops, shop, uniq_natasha, uniq_menkaure

Skill      XL: |  1  2  3  4  5  6 |
---------------+-------------------+-----
Ice Magic      | 5 6 7 |  7.6
Spellcasting   | 3 4 |  4.0
Dodging        | |  2.6
Stealth        | |  2.1

Action                   |  1- 3 |  4- 6 || total
-------------------------+-------+-------++-------
Melee: Unarmed           |    13 |       ||    13
       Dagger            |    68 |   134 ||   202
       Tailslap          |     3 |       ||     3
 Cast: Freeze            |    43 |    93 ||   136
       Frozen Ramparts   |       |     3 ||     3
  Use: Scroll            |       |     1 ||     1
       Potion            |       |     1 ||     1
 Stab: Distracted        |       |     1 ||     1
       Sleeping          |       |     4 ||     4
  Eat: Chunk             |     3 |    14 ||    17
Armor: Robe              |    16 |    47 ||    63
       Skin              |       |    13 ||    13
Dodge: Dodged            |    86 |   127 ||   213

Table legend:
 A = Non-vault XP
 B = Vault XP
 C = Vault XP percentage of total XP
 D = Non-vault monster count
 E = Vault monster count
 F = Vault count percentage of total count
                 A         B        C        D         E       F
            +---------+---------+-------+---------+---------+-------
      Total |     534 |      42 |   7.3 |      87 |       2 |   2.2
            +---------+---------+-------+---------+---------+-------
        D:1 |      48 |       0 |   0.0 |      25 |       0 |   0.0
        D:2 |     167 |       0 |   0.0 |      23 |       0 |   0.0
        D:3 |     158 |      42 |  21.0 |      30 |       2 |   6.2
        D:4 |     161 |       0 |   0.0 |       9 |       0 |   0.0
            +---------+---------+-------+---------+---------+-------
